 Dungeon Crawl Stone Soup version 0.29.1-4-g47bece8355 (webtiles) character file.

Game seed: 1970672454257733442

574 Radix the Digger (level 7, -5/36 HPs)
             Began as a Gargoyle Earth Elementalist on Dec 12, 2022.
             Killed from afar by an orc wizard (9 damage)
             ... with a puff of flame
             ... on level 4 of the Dungeon.
             The game lasted 00:46:57 (3118 turns).

Radix the Digger (Gargoyle Earth Elementalist)      Turns: 3118, Time: 00:46:57

Health: -5/36      AC:  8    Str: 12    XL:     7   Next: 34%
Magic:  11/14      EV: 12    Int: 23    God:
Gold:   174        SH:  0    Dex: 10    Spells: 12/16 levels left

rFire   . . .      SeeInvis .   z - +2 flail (holy)
rCold   . . .      Faith    .   (no shield)
rNeg    + . .      Spirit   .   a - +0 robe
rPois   ∞          Reflect  .   l - +1 helmet
rElec   +          Harm     .   (no cloak)
rCorr   .          Rampage  .   (no gloves)
Will    .....                   (no boots)
Stlth   ++........              (no amulet)
HPRegen 0.12/turn               i - +6 ring of intelligence
MPRegen 0.14/turn               (no ring)

@: about to teleport
A: sickness immunity, AC +4, negative energy resistance 1, electricity
resistance, torment resistance 1, petrification resistance
a: no special abilities


You were on level 4 of the Dungeon.
You visited 1 branch of the dungeon, and saw 4 of its levels.

You collected 271 gold pieces.
You spent 97 gold pieces at shops.

Inventory:

Hand Weapons
 z - a +2 flail of holy wrath (weapon)
Missiles
 c - 50 stones
Armour
 a - a +0 robe (worn)
 l - a +1 helmet (worn)
Jewellery
 i - a +6 ring of intelligence (left hand)
Wands
 p - a wand of roots (9)
 r - a wand of flame (10) (quivered)
 w - a wand of paralysis (6)
Scrolls
 e - a scroll of magic mapping {unknown}
 g - 4 scrolls of teleportation
 j - 2 scrolls of poison {unknown}
 k - 2 scrolls of noise {unknown}
 m - a scroll of identify {unknown}
 n - a scroll of enchant weapon {unknown}
 u - a scroll of blinking {unknown}
 x - a scroll of fog {unknown}
Potions
 b - a potion of magic
 d - a potion of berserk rage {unknown}
 f - 2 potions of might
 h - a potion of cancellation {unknown}
 o - 2 potions of ambrosia {unknown}
 q - 2 potions of haste
 s - a potion of heal wounds {unknown}
 t - 2 potions of mutation {unknown}
 v - a potion of lignification {unknown}
 A - a potion of brilliance {unknown}


   Skills:
 - Level 1.7 Dodging
 - Level 2.1 Stealth
 + Level 5.1 Spellcasting
 + Level 1.4 Conjurations
 - Level 0.7 Transmutations
 + Level 7.3 Earth Magic


You had 12 spell levels left.
You knew the following spells:

 Your Spells              Type           Power      Damage    Failure   Level
a - Sandblast             Erth           78%        2d17      1%          1
b - Stone Arrow           Conj/Erth      52%        3d10      4%          3

Your spell library contained the following spells:

 Spells                   Type           Power      Damage    Failure   Level
 Passwall                 Tmut/Erth      20%        N/A       2%          2
 Magic Dart               Conj           48%        1d5       5%          1
 Searing Ray              Conj           24%        2d5       8%          2
 Blink                    Tloc           10%        N/A       14%         2
 Petrify                  Tmut/Erth      24%        N/A       19%         4
 Frozen Ramparts          Ice            10%        1d2       28%         3
 Lesser Beckoning         Tloc           5%         N/A       28%         3
 Fulminant Prism          Conj/Hex       4%         3d6       56%         4
 Ice Form                 Ice/Tmut       7%         N/A       63%         4
 Summon Ice Beast         Ice/Summ       5%         N/A       67%         4
 Manifold Assault         Tloc           5%         N/A       95%         5


Dungeon Overview and Level Annotations

Branches:
Dungeon (4/15)
 Temple: D:4-7

Altars:
Fedhas
Nemelex Xobeh
Uskayaw

Shops:
D:3 (


Innate Abilities, Weirdness & Mutations

You are immune to sickness and miasma.
Your stone body is resilient. (AC +4)
You are immune to poison.
You resist negative energy. (rN+)
You are resistant to electric shocks. (rElec)
You are resistant to unholy torment.
You are immune to petrification.


Message History

Something completely misses you.
You are too confused!
You are too confused!
You are too confused!
You are too confused!
You start resting.
Something hits you but does no damage.
You start resting.
You hear some strange, mumbled words.
A magic dart appears from out of thin air!
The magic dart hits you.
You're too confused to cast spells.
Something hits you.
You miss something.
You hear some strange, mumbled words.
Something tries to affect you, but you resist.
You hear some strange, mumbled words.
Something tries to affect you, but you resist.
You feel less confused.
You hear some strange, mumbled words.
A magic dart appears from out of thin air!
The magic dart hits you.
* * * LOW HITPOINT WARNING * * *
Casting: Sandblast (safe; 1% risk of failure)
Confirm with . or Enter, or press ? or * to list all spells.
You can't see any susceptible monsters within range! (Use Z to cast anyway.)
You closely miss something. Something hits you but does no damage.
You hear some strange, mumbled words.
A puff of flame appears from out of thin air!
The puff of flame hits you.
* * * LOW HITPOINT WARNING * * *
Okay, then.
As you read the scroll labelled LOKEXZ CASEDGH, it crumbles to dust.
You feel strangely unstable.
It was a scroll of teleportation.
You hear some strange, mumbled words.
Something tries to affect you, but you resist.
You barely miss something.
You hear some strange, mumbled words.
A puff of flame appears from out of thin air!
The puff of flame hits you!
You die...

##############...###..........
#............#.>........
#............#..........
#............#..........
#################'#..........
....................###+####.
....................# .
........)...........# .
.........).{@.......+ .
........)...........#
#######.......####'##
....._8_..# .... ......._...#
..... ...........# ......
............. .....
#'####'##..... .. #######


There were no monsters in sight!

Vanquished Creatures
  Grinder (D:3)
  A phantom (D:3)
  A scorpion (D:4)
  A hound (D:3)
  Ijyb (D:4)
  2 orc wizards (D:4)
  7 gnolls
  4 adders
  A worm (D:3)
  2 dart slugs (D:2)
  6 orcs (D:4)
  An endoplasm (D:1)
  A giant cockroach (D:3)
  2 goblins (D:2)
  4 hobgoblins
  6 kobolds
  2 quokkas (D:2)
  A ball python (D:2)
  2 bats
  3 frilled lizards
  3 rats (D:2)
52 creatures vanquished.

Vanquished Creatures (others)
  3 fungi (D:2)
3 creatures vanquished.

Grand Total: 55 creatures vanquished

Notes
Turn   | Place    | Note
-------+----------+-------------------------------------------
     0 | D:1      | Radix the Gargoyle Earth Elementalist began the quest for
                  | the Orb.
     0 | D:1      | Reached XP level 1. HP: 10/10 MP: 3/3
   919 | D:2      | Reached skill level 4 in Earth Magic
   919 | D:2      | Reached XP level 2. HP: 15/15 MP: 3/5
  1151 | D:2      | Reached XP level 3. HP: 11/19 MP: 2/6
  1575 | D:3      | Noticed a phantom
  1581 | D:3      | Killed a phantom
  1582 | D:3      | Reached skill level 5 in Earth Magic
  1582 | D:3      | Reached XP level 4. HP: 24/24 MP: 5/9
  1678 | D:3      | Reached XP level 5. HP: 26/28 MP: 10/10
  2052 | D:3      | Found Waetteav's Antique Weapon Boutique.
  2063 | D:3      | Bought a runed flail for 97 gold pieces
  2239 | D:3      | Noticed Grinder
  2253 | D:3      | Killed Grinder
  2254 | D:3      | Reached skill level 6 in Earth Magic
  2254 | D:3      | Reached XP level 6. HP: 32/32 MP: 8/12
  2597 | D:4      | Noticed Ijyb
  2598 | D:4      | Paralysed by Ijyb for 3 turns
  2603 | D:4      | Killed Ijyb
  2661 | D:4      | Reached skill level 7 in Earth Magic
  2661 | D:4      | Reached XP level 7. HP: 34/36 MP: 10/14
  2808 | D:4      | Learned a level 3 spell: Stone Arrow
  3070 | D:4      | Reached skill level 5 in Spellcasting
  3070 | D:4      | Reached skill level 1 in Conjurations
  3078 | D:4      | Found a hide-covered altar of Uskayaw.
  3080 | D:4      | Found a sparkling altar of Nemelex Xobeh.
  3081 | D:4      | Found a blossoming altar of Fedhas.
  3118 | D:4      | Killed from afar by an orc wizard

Illustrated notes

Levels and vault maps discovered:
D:1:      dpeg_arrival_lava_temple_mockup, layout_loops_ring
D:2:      layout_rooms, dreamdust_mushroom_princess
D:3:      layout_basic, serial_shops, shop,
          nicolae_concentric_dashed_squares_wild, uniq_grinder
D:4:      layout_gridville, chequers_temple_overflow_statue_of_worship,
          uniq_pikel, uniq_ijyb

Skill      XL: |  1  2  3  4  5  6  7 |
---------------+----------------------+-----
Earth Magic    | 4 5 6 7 |  7.3
Spellcasting   | 3 4 5 |  5.1
Conjurations   | 1 |  1.4
Dodging        | |  1.7
Stealth        | |  2.1
Transmutations | |  0.7

Action                   |  1- 3 |  4- 6 |  7- 9 || total
-------------------------+-------+-------+-------++-------
Melee: Short sword       |    16 |       |       ||    16
       Club              |     8 |    18 |       ||    26
       Flail             |       |    43 |    16 ||    59
       Punch             |       |     1 |       ||     1
 Cast: Sandblast         |    24 |    16 |    14 ||    54
       Stone Arrow       |       |       |     2 ||     2
Evoke: Wand              |     3 |    19 |       ||    22
  Use: Scroll            |       |       |     1 ||     1
 Stab: Sleeping          |       |     1 |       ||     1
Armor: Robe              |    21 |    19 |    14 ||    54
Dodge: Dodged            |    38 |    47 |    18 ||   103
